 Dungeon Crawl Stone Soup version 0.30.0-15-g856e2d3f33 (webtiles) character file.

Game seed: 2832680873725141813

120 HakonGodeson the Chopper (level 5, -6/46 HPs)
             Began as a Hill Orc Fighter on May 18, 2023.
             Mangled by a mummy (13 damage)
             ... in an ossuary.
             The game lasted 00:04:18 (1236 turns).

HakonGodeson the Chopper (Hill Orc Fighter)         Turns: 1236, Time: 00:04:19

Health: -6/46      AC:  7    Str: 19    XL:     5   Next: 4%
Magic:  5/5        EV:  9    Int: 16    God:
Gold:   96         SH:  4    Dex: 10    Spells: 4/4 levels left

rFire   . . .        a - +0 war axe
rCold   . . .        c - +0 buckler
rNeg    . . .        b - +0 scale mail
rPois   +            (no helmet)
rElec   .            (no cloak)
rCorr   .            (no gloves)
SInv    .            (no boots)
Will    .....        (no amulet) Stlth
                     l - +6 ring of intelligence
HPRegen 0.27/turn    m - ring of poison resistance
MPRegen 0.09/turn

%: no passive effects
@: mighty
A: no striking features
a: no special abilities


You were in an ossuary.
You visited 1 branch of the dungeon, and saw 4 of its levels.
You also visited: Ossuary.

You collected 96 gold pieces.

Inventory:

Hand Weapons
 a - a +0 war axe (weapon)
Missiles
 k - a throwing net (quivered)
Armour
 b - a +0 scale mail (worn)
 c - a +0 buckler (worn)
Jewellery
 l - a +6 ring of intelligence (left hand)
 m - a ring of poison resistance (right hand)
 o - a ring of ice
Scrolls
 e - a scroll of amnesia
Potions
 f - a potion of curing
 h - 2 potions of ambrosia {unknown}
 i - a potion of attraction {unknown}
 j - a potion of haste {unknown}
 n - a potion of berserk rage {unknown}


   Skills:
 * Level 4.2 Fighting
 * Level 4.3 Axes
 * Level 0.4 Throwing
 * Level 4.0 Armour
 * Level 1.0 Dodging
 * Level 0.8 Stealth
 * Level 3.5 Shields


You had 4 spell levels left.
You didn't know any spells.
Your spell library contained the following spells:

 Spells                   Type           Power      Damage    Failure   Level
 Cigotuvi's Dreadful Rot  Necr/Pois/Air  0%         N/A       80%         2
 Dispel Undead            Necr           0%         3d6       100%        4
 Death Channel            Necr           0%         N/A       100%        6


Dungeon Overview and Level Annotations

Branches:
Dungeon (4/15)            Ossuary (1/1)
 Temple: D:4-7

Altars:


Message History

You destroy the gnoll zombie!
The kobold zombie hits you but does no damage.
You barely miss the kobold zombie.
The kobold zombie is almost destroyed.
The kobold zombie hits you but does no damage.
You slash the kobold zombie!
You destroy the kobold zombie!
An orc zombie comes into view.
The orc zombie moves out of view.
You slash the orc zombie!
You destroy the orc zombie! 2 mummies come into view.
The mummy hits you. The mummy barely misses you.
You hit the mummy but do no damage. x2; The mummy hits you.
The mummy hits you!
You hit the mummy.
The mummy is lightly damaged.
You hit the mummy but do no damage. The mummy hits you.
You slash the mummy!
The mummy is almost destroyed.
You barely miss the mummy. The mummy barely misses you.
You barely miss the mummy.
The mummy is almost destroyed.
You barely miss the mummy. The mummy misses you. You block the mummy's attack.
You barely miss the mummy.
The mummy is almost destroyed.
You barely miss the mummy. You slash the orc zombie!
The orc zombie barely misses you. The mummy hits you!
* * * LOW HITPOINT WARNING * * *
The mummy barely misses you.
Unknown command.
You feel better. The orc zombie barely misses you. The mummy hits you!
* * * LOW HITPOINT WARNING * * *
You feel very mighty all of a sudden.
The orc zombie hits you but does no damage.
You barely miss the mummy.
The mummy is almost destroyed.
You slash the mummy! You slash the orc zombie!
You destroy the orc zombie!
You slash the mummy! The mummy hits you!
You die...

..............
.............
...........
........#
......# #.M..#
#M.M.# #M@..#
#....# #....#
#....# #....#
#....# #.∩∩.#
######


You could see 4 mummies.

Vanquished Creatures
  3 gnolls
  5 adders
  4 endoplasms (D:1)
  4 giant cockroaches (D:1)
  2 gnoll zombies (Ossuary)
  5 goblins
  4 hobgoblins
  3 jackals
  A quokka (D:1)
  4 ball pythons
  3 bats
  A frilled lizard (D:1)
  A kobold (D:1)
  3 kobold zombies (Ossuary)
  3 orc zombies (Ossuary)
  6 rats
52 creatures vanquished.

Notes
Turn   | Place    | Note
-------+----------+-------------------------------------------
     0 | D:1      | HakonGodeson the Hill Orc Fighter began the quest for the
                  | Orb.
     0 | D:1      | Reached XP level 1. HP: 19/19 MP: 1/1
   194 | D:1      | Reached XP level 2. HP: 26/27 MP: 2/2
   347 | D:1      | Reached XP level 3. HP: 25/33 MP: 3/3
   642 | D:1      | Reached XP level 4. HP: 4/40 MP: 4/4
   790 | D:2      | Reached skill level 1 in Dodging
  1195 | D:4      | Noticed an ogre
  1203 | D:4      | Found a sand-covered staircase.
  1209 | Ossuary  | Entered an ossuary
  1218 | Ossuary  | Reached XP level 5. HP: 46/46 MP: 5/5
  1236 | Ossuary  | Mangled by a mummy

Illustrated notes

Levels and vault maps discovered:
D:1:      tarquinn_simple_flora_water_c, layout_basic, minmay_misc_feat_x,
          chequers_garden
D:2:      layout_rooms, serial_shops, nicolae_shop_mannequins
D:3:      layout_rooms, nicolae_gozag_cash_rules_everything_around_me,
          minivault_23, chequers_arboretum, minmay_misc_feat_plants,
          chequers_serial_rivers_room_a, minmay_quadrilaterals
D:4:      nicolae_cairo_tiling_very_big, layout_rooms, dk_yredelemnul_ordeal,
          nicolae_ossuary_entry_plus
Ossuary:  ossuary_tomb_3

Skill      XL: |  1  2  3  4 |
---------------+-------------+-----
Fighting       | 4 |  4.2
Axes           | 3 4 |  4.3
Dodging        | 1 |  1.0
Armour         | 4 |  4.0
Throwing       | |  0.4
Stealth        | |  0.8
Shields        | |  3.5

Action                     |  1- 3 |  4- 6 || total
---------------------------+-------+-------++-------
  Melee: War axe           |    70 |    43 ||   113
    Use: Scroll            |       |     5 ||     5
         Potion            |       |     2 ||     2
 Armour: Scale mail        |    46 |    35 ||    81
  Dodge: Dodged            |    49 |    26 ||    75
  Block: Buckler           |    16 |    14 ||    30
